 Dungeon Sprint DCSS version 0.21-a0-91-ga5031da (webtiles) character file.

71 Kidiri the Insei (level 4, -20/52 HPs)
             Began as a Demonspawn Transmuter on June 28, 2017.
             Was an Initiate of Wu Jian.
             Demolished by a black draconian
             ... wielding a +0 war axe
              (22 damage)
             ... in the Dungeon (Sprint V: "Ziggurat Sprint").
             The game lasted 00:02:48 (234 turns).

Kidiri the Insei (Demonspawn Transmuter)             Turns: 234, Time: 00:02:49

Health: -20/52     AC:  2    Str: 21      XL:     4   Next: 5%
Magic:  7/9        EV: 24    Int: 15      God:    Wu Jian [......]
Gold:   0          SH:  0    Dex: 23 (25) Spells: 3/9 levels left

rFire    . . .     SeeInvis .     - Unarmed
rCold    . . .     Gourm    .   (shield currently unavailable)
rNeg     . . .     Faith    .   (armour currently unavailable)
rPois    x         Spirit   .   (helmet currently unavailable)
rElec    .         Reflect  .   (cloak currently unavailable)
rCorr    .         Harm     .   (gloves currently unavailable)
MR       .....     NoTele   +   (boots currently unavailable)
Stlth    ..........             (no amulet)
HPRegen  0.17/turn              y - +6 ring of dexterity
MPRegen  0.11/turn              C - +6 ring of strength

@: berserking (expiring), spider-form (expiring), very quick
A: powered by death 1
a: End Transformation, Renounce Religion


You were in the Dungeon.
You worshipped Wu Jian.
Wu Jian was noncommittal.
You were not hungry.
You were a venomous arachnid creature.
You visited 1 branch

Inventory:

Missiles
 a - 1010 arrows
Armour
 b - a +0 robe (melded)
 I - +5 fire dragon scales
 J - +5 gold dragon scales
Jewellery
 n - a +6 ring of evasion
 y - a +6 ring of dexterity (left front leg)
 z - a +6 ring of dexterity
 A - a +6 ring of intelligence
 B - a +6 ring of intelligence
 C - a +6 ring of strength (right front leg)
 D - a +6 ring of strength
Wands
 E - a wand of disintegration (7/24)
 F - a wand of iceblast (5/15)
 G - a wand of lightning (5/15)
 H - a wand of acid (5/15)
Scrolls
 j - 4 scrolls of blinking
 q - 4 scrolls of amnesia
 r - 3 scrolls of recharging
 s - 7 scrolls of fog
 t - 5 scrolls of identify
 u - 5 scrolls of remove curse
 v - 2 scrolls of fear
Potions
 e - 10 potions of curing
 f - 9 potions of heal wounds
 g - 8 potions of haste
 h - 7 potions of magic
 i - 2 potions of berserk rage
 k - 2 potions of brilliance
 l - 2 potions of invisibility
 m - 4 potions of resistance
 o - 5 potions of agility
 p - 5 potions of might
Books
 c - a book of Changes

   Spells                             Type                      Level
   a - Beastly Appendage              Transmutation                1
   b - Sticks to Snakes               Transmutation                2
   c - Spider Form                    Transmutation/Poison         3
   d - Ice Form                       Ice/Transmutation            4
   e - Blade Hands                    Transmutation                5
Comestibles
 d - 5 bread rations
 w - 42 fruits
 x - 4 meat rations


   Skills:
 + Level 3.1 Fighting
 + Level 2.6 Armour
 * Level 4.4 Dodging
 + Level 2.9 Stealth
 * Level 4.9 Unarmed Combat
 + Level 3.3 Spellcasting
 + Level 3.2 Transmutations
 + Level 0.0 Poison Magic


You had 3 spell levels left.
You knew the following spells:

 Your Spells              Type           Power        Failure   Level  Hunger
a - Beastly Appendage     Tmut           ##....       14%         1    None
b - Sticks to Snakes      Tmut           ##......     21%         2    ##.....
c - Spider Form           Tmut/Pois      #.........   52%         3    ###....


Dungeon Overview and Level Annotations

Branches:
Dungeon (1/1)

Altars:
Ashenzari
Cheibriados
Dithmenos
Elyvilon
Fedhas
Gozag
Hepliaklqana
Kikubaaqudgha
Makhleb
Nemelex Xobeh
Okawaru
Qazlal
Ru
Sif Muna
Trog
Uskayaw
Vehumet
Wu Jian
Xom
Yredelemnul
Zin
The Shining One
Beogh
Jiyva
Lugonu

Annotations:
D 1 transporter


Innate Abilities, Weirdness & Mutations

((You have a pair of small antennae on your head.))
((You are partially covered in large bone plates. (SH +4)))
You regenerate a little health from kills.


Message History

You are too berserk!
You maul the draconian!!
The draconian looks as sick as possible!
The draconian is heavily wounded.
The draconian hits you but does no damage.
The green draconian completely misses you.
The green draconian misses you.
Unknown command.
You hit the draconian.
The draconian is heavily wounded.
The black draconian completely misses you.
The draconian closely misses you.
Unknown command.
You hit the draconian but do no damage.
The draconian looks as sick as possible!
The draconian is heavily wounded.
The green draconian barely misses you. The green draconian tail-slaps you!
* * * LOW HITPOINT WARNING * * *
The black draconian hits you with a war axe!!
You die...

▓▓▓▓▓▓▓▓▓▓▓▓▓
▓.8©8.▓.8©8.▓
▓..==.▓.....▓
▓.....▓.....▓
▓.....▓.....▓
▓...dd▓.....▓
▓...ds▓.....▓
▓.....▓▓▓▓▓▓▓
▓▓▓▓▓▓▓


You could see a black draconian, a green draconian and a draconian.

Vanquished Creatures
  A crimson imp (D)
  A quasit (D)
2 creatures vanquished.

Vanquished Creatures (others)
  Menkaure (D)
1 creature vanquished.

Grand Total: 3 creatures vanquished

Notes
Turn   | Place    | Note
-------+----------+-------------------------------------------
     0 | D        | Kidiri the Demonspawn Transmuter began the quest for the Orb.
     0 | D        | Reached XP level 1. HP: 15/15 MP: 3/3
     0 | D        | Found a deep blue altar of Sif Muna.
     0 | D        | Found a sacrificial altar of Ru.
     0 | D        | Found a bloodstained altar of Trog.
     0 | D        | Found a stormy altar of Qazlal.
     0 | D        | Found an iron altar of Okawaru.
     0 | D        | Found a sparkling altar of Nemelex Xobeh.
     0 | D        | Found a blossoming altar of Fedhas.
     2 | D        | Found a transporter.
     2 | D        | Found an ancient bone altar of Kikubaaqudgha.
     2 | D        | Found a viscous altar of Jiyva.
     2 | D        | Found a corrupted altar of Lugonu.
     2 | D        | Found a hazy altar of Hepliaklqana.
     2 | D        | Found a burning altar of Makhleb.
     2 | D        | Found an opulent altar of Gozag.
     8 | D        | Killed Menkaure
    49 | D        | Became a worshipper of the Wu Jian Council
    52 | D        | Gained mutation: You regenerate a little health from kills. [demonic ancestry]
    52 | D        | Reached XP level 2. HP: 23/23 MP: 3/5
    56 | D        | Learned a level 2 spell: Sticks to Snakes
    76 | D        | Entered arena 2.
    76 | D        | Noticed a crimson imp
    76 | D        | Found a transporter.
    92 | D        | Lost mutation: You have a pair of horns on your head. [demonic ancestry]
    92 | D        | Lost mutation: You have a pair of small horns on your head. [demonic ancestry]
    92 | D        | Gained mutation: You have a pair of small antennae on your head. [demonic ancestry]
    92 | D        | Reached XP level 3. HP: 16/28 MP: 4/7
   108 | D        | Gained mutation: You are partially covered in large bone plates. (SH +4) [demonic ancestry]
   108 | D        | Reached XP level 4. HP: 19/35 MP: 1/9
   222 | D        | Learned a level 3 spell: Spider Form
   223 | D        | Entered arena 3.
   223 | D        | Noticed a draconian
   223 | D        | Noticed a green draconian
   223 | D        | Noticed a black draconian
   223 | D        | Found a transporter.
   234 | D        | HP: 2/52 [green draconian/flail (13)]
   234 | D        | Demolished by a black draconian

Vault maps used:
D:        sprint_v

Skill      XL: |  1  2  3 |
---------------+----------+-----
Fighting       | 2 3 |  3.1
Armour         | 2 |  2.6
Dodging        | 3 4 |  4.4
Stealth        | 2 |  2.9
Unarmed Combat | 4 |  4.9
Transmutations | 2 3 |  3.2
Spellcasting   | 3 |  3.3

Action                   |  1- 3 |  4- 6 || total
-------------------------+-------+-------++-------
Melee: Unarmed           |    25 |     7 ||    32
       Headbutt          |     1 |       ||     1
 Cast: Beastly Appendage |     2 |       ||     2
       Sticks to Snakes  |     2 |       ||     2
       Spider Form       |       |     1 ||     1
  Use: Potion            |     2 |     1 ||     3
 Stab: Distracted        |     1 |       ||     1
Armor: Robe              |     8 |       ||     8
       Skin              |       |     1 ||     1
Dodge: Dodged            |    51 |    10 ||    61
